 Dungeon Crawl Stone Soup version 0.19.0-20-gbc5f0c6 (webtiles) character file.

160 McCoppin the Sneak (level 5, -4/36 HPs)
             Began as an Octopode Fighter on Nov 17, 2016.
             Was an Initiate of Gozag.
             Slain by an orc
             ... wielding a +0 mace
              (6 damage)
             ... on level 3 of the Dungeon.
             The game lasted 00:06:43 (1699 turns).

McCoppin the Sneak (Octopode Fighter)               Turns: 1699, Time: 00:06:44

Health: -4/36      AC:  1    Str: 18    XL:     5   Next: 41%
Magic:  5/5        EV: 11    Int: 15    God:    Gozag
Gold:   225        SH:  0    Dex: 12    Spells: 0 memorised, 4 levels left

rFire  x . .     SeeInvis .     a - +0 long sword
rCold  + . .     Gourm    .     b - +0 shield
rNeg   . . .     Faith    .     (helmet restricted)
rPois  .         Spirit   .     (no amulet)
rElec  .         Reflect  .     f - ring of ice
rCorr  .         Harm     .     n - ring of stealth
MR     .....     Clarity  +     (no ring)
Stlth  +++.......               (no ring)
                                (no ring)
                                (no ring)
                                (no ring)
                                (no ring)

@: confused, brilliant
A: almost no armour, stealthy swim, amphibious, 8 rings, constrict 8, camouflage
1, clarity, strong 1, gelatinous body 1, evolution 1
a: Potion Petition, Call Merchant, Bribe Branch, Renounce Religion


You were on level 3 of the Dungeon.
You worshipped Gozag.
Gozag was aware of your devotion.
You were near starving.

You visited 1 branch of the dungeon, and saw 3 of its levels.

You collected 250 gold pieces.
You paid 25 gold pieces to Gozag.

Inventory:

Hand Weapons
 a - a +0 long sword (weapon)
Armour
 b - a +0 shield (worn)
Jewellery
 f - a ring of ice (left tentacle)
 n - a ring of stealth (right tentacle)
Scrolls
 h - a scroll of magic mapping {unknown}
 i - a scroll of fog {unknown}
 j - 2 scrolls of remove curse {unknown}
 k - a scroll of identify {unknown}
 l - a scroll of random uselessness {unknown}
Potions
 c - a potion of might
Comestibles
 d - 4 bread rations
 g - 3 meat rations
 p - a slice of pizza


   Skills:
 - Level 3.0 Fighting
 - Level 2.0 Long Blades
 - Level 3.0 Dodging
 + Level 7.2 Stealth
 - Level 3.0 Shields


You had 4 spell levels left.
You didn't know any spells.

Dungeon Overview and Level Annotations

Branches:
Dungeon (3/15)

Altars:
Fedhas
Gozag
Hepliaklqana
Qazlal
Beogh


Innate Abilities, Weirdness & Mutations

You cannot wear most types of armour.
You are very stealthy in the water. (Stealth+)
You are amphibious.
You can wear up to eight rings at the same time.
You can use your tentacles to constrict eight enemies at once.
Your skin changes colour to match your surroundings (Stealth+).
Your rubbery body absorbs attacks. (AC +1, EV +1)
You possess an exceptional clarity of mind.
Your muscles are strong. (Str +2)
You evolve.


Message History

You're too confused!
You don't know any spells.
Unknown command.
It was a potion of brilliance.
You feel clever all of a sudden. The orc hits you but does no damage.
The orc priest hits you with a flail.
* * * LOW HITPOINT WARNING * * *
The orc wizard barely misses you.
It was a potion of cure mutation.
It has a very clean taste.
The orc is no longer distracted by gold.
The orc closely misses you.
The orc wizard hits you but does no damage.
The orc priest hits you with a flail.
* * * LOW HITPOINT WARNING * * *
It was a potion of mutation.
You feel extremely strange.
You feel stronger.
Your thoughts seem clearer.
You feel nature experimenting on you.
Don't worry, failures die fast.
The orc hits you with a mace.
You die...
Your body crumbles into a pile of gold.

###### ##### .....
#.... #####... #....
##._.##..## ##....
#.8$8.#...# #.....
#.$$.$#...# ##.#.#.
#$8.8o###.####......
#ooo##...##......##
##@####.....###.##
#.#.###...##...##
#...###...>.....##
##...............#
#.............<.#
#................
#................
#..###......>....
#.## #...........


You could see an orc priest, an orc wizard and 2 orcs.

Vanquished Creatures
  The ghost of Enish the Sneak, a weakling FeWn of Uskayaw (D:3)
  4 adders
  2 oozes
  3 worms
  3 dart slugs
  A leopard gecko (D:2)
  3 orcs (D:3)
  4 bats
  6 giant cockroaches
  7 goblins
  10 hobgoblins
  4 jackals
  A ball python (D:1)
  5 frilled lizards
  6 kobolds
  8 rats
68 creatures vanquished.

Notes
Turn   | Place    | Note
-------+----------+-------------------------------------------
     0 | D:1      | McCoppin the Octopode Fighter began the quest for the Orb.
     0 | D:1      | Reached XP level 1. HP: 16/16 MP: 1/1
    27 | D:1      | Reached skill level 1 in Stealth
   180 | D:1      | Reached skill level 2 in Stealth
   181 | D:1      | Reached XP level 2. HP: 21/21 MP: 2/2
   223 | D:1      | Reached skill level 3 in Stealth
   551 | D:1      | Reached XP level 3. HP: 26/26 MP: 3/3
   667 | D:1      | Reached skill level 4 in Stealth
   943 | D:2      | Reached skill level 5 in Stealth
   943 | D:2      | Reached XP level 4. HP: 24/31 MP: 4/4
  1152 | D:2      | Found a blossoming altar of Fedhas.
  1166 | D:2      | Found an opulent altar of Gozag.
  1181 | D:2      | Found a hazy altar of Hepliaklqana.
  1184 | D:2      | Found a stormy altar of Qazlal.
  1190 | D:2      | Became a worshipper of Gozag Ym Sagoz the Greedy
  1436 | D:3      | Noticed Enish's ghost (weakling FeWn)
  1484 | D:3      | Killed Enish's ghost
  1484 | D:3      | Reached skill level 6 in Stealth
  1484 | D:3      | Reached XP level 5. HP: 34/36 MP: 5/5
  1522 | D:3      | Reached skill level 7 in Stealth
  1688 | D:3      | Found a roughly hewn altar of Beogh.
  1699 | D:3      | Gained mutation: Your muscles are strong. (Str +2) [potion of mutation]
  1699 | D:3      | Gained mutation: You possess an exceptional clarity of mind. [potion of mutation]
  1699 | D:3      | Gained mutation: You evolve. [potion of mutation]
  1699 | D:3      | Slain by an orc

Skill      XL: |  1  2  3  4  5 |
---------------+----------------+-----
Stealth        | 2 3 5 6 7 |  7.2
Fighting       | |  3.0
Long Blades    | |  2.0
Dodging        | |  3.0
Shields        | |  3.0

Action                   |  1- 3 |  4- 6 || total
-------------------------+-------+-------++-------
Melee: Long sword        |    54 |    56 ||   110
       Constrict         |    18 |    12 ||    30
       Tentacles         |     7 |    16 ||    23
  Use: Potion            |       |     3 ||     3
 Stab: Sleeping          |    10 |     7 ||    17
  Eat: Chunk             |       |     1 ||     1
Armor: Skin              |     3 |     5 ||     8
Dodge: Dodged            |    18 |    24 ||    42
Block: Shield            |    15 |    20 ||    35
       Rpst.: Long sword |     8 |     6 ||    14
